 Dungeon Crawl Stone Soup version 0.27-a0-562-g0d39f094a4 (webtiles) character file.

Game seed: 15443875258603731453

107 sahdkjhfkaj the Magician (level 4, -8/19 HPs)
             Began as a Felid Earth Elementalist on Mar 9, 2021.
             Mangled by Prince Ribbit (15 damage)
             ... on level 4 of the Dungeon.
             The game lasted 00:06:18 (4874 turns).

sahdkjhfkaj the Magician (Felid Earth Elementalist) Turns: 4874, Time: 00:06:19

Health: -8/19      AC:  1    Str:  4    XL:     4   Next: 56%
Magic:  9/9        EV: 17    Int: 17    God:
Gold:   274        SH:  0    Dex: 16    Spells: 8/9 levels left
                                        Lives:  0   Deaths: 1

rFire    . . .     SeeInvis +     - Unarmed
rCold    . . .     Faith    .   (shield unavailable)
rNeg     . . .     Spirit   .   (armour unavailable)
rPois    .         Reflect  .   (helmet unavailable)
rElec    .         Harm     .   (cloak unavailable)
rCorr    .         Rampage  .   (gloves unavailable)
Will     .....                  (boots unavailable)
Stlth    +++.......             (no amulet)
HPRegen  0.06/turn              (no ring)
MPRegen  0.11/turn              (no ring)

@: quick
A: very small, claws 1, fangs 3, see invisible, speed 1, shaggy fur 1, stealthy
paws, no weapons or thrown items, no armour, multi-lived
a: no special abilities


You were on level 4 of the Dungeon.
You visited 1 branch of the dungeon, and saw 5 of its levels.

You collected 274 gold pieces.

Inventory:

Missiles
 b - 37 stones
Jewellery
 n - an amulet of the acrobat
Wands
 y - a wand of polymorph (8)
Scrolls
 a - 2 scrolls of amnesia {unknown}
 d - a scroll of fog {unknown}
 g - 4 scrolls of identify {unknown}
 h - a scroll of enchant weapon {unknown}
 i - 2 scrolls of fear {unknown}
 l - a scroll of noise {unknown}
 m - 2 scrolls of magic mapping {unknown}
 p - a scroll of random uselessness {unknown}
 q - a scroll of immolation {unknown}
 r - 2 scrolls of enchant armour {unknown}
 v - 2 scrolls of teleportation {unknown}
 x - a scroll of blinking {unknown}
Potions
 c - a potion of attraction {unknown}
 e - a potion of flight {unknown}
 f - a potion of mutation {unknown}
 j - a potion of magic {unknown}
 k - 2 potions of degeneration {unknown}
 o - a potion of lignification {unknown}
 s - a potion of haste {unknown}
 t - 2 potions of curing {unknown}
 u - a potion of berserk rage {unknown}
 w - a potion of heal wounds {unknown}


   Skills:
 - Level 2.0 Fighting
 - Level 3.0 Dodging
 - Level 3.0 Stealth
 - Level 2.0 Unarmed Combat
 + Level 3.1 Spellcasting
 - Level 2.0 Transmutations
 - Level 3.0 Earth Magic
 - Level 1.0 Evocations


You had 8 spell levels left.
You knew the following spells:

 Your Spells              Type           Power      Damage    Failure   Level
a - Sandblast             Erth           24%        2d8       4%          1

Your spell library contained the following spells:

 Spells                   Type           Power      Damage    Failure   Level
 Passwall                 Tmut/Erth      9%         N/A       10%         2
 Stone Arrow              Conj/Erth      14%        3d7       28%         3
 Confusing Touch          Hex            2%         N/A       45%         3
 Gell's Gravitas          Tloc           1%         N/A       45%         3
 Petrify                  Tmut/Erth      11%        N/A       52%         4
 Lee's Rapid Deconstruct  Erth           6%         3d7*      80%         5
 Yara's Violent Unravell  Hex/Tmut       3%         3d4       97%         5
 Metabolic Englaciation   Hex/Ice        1%         N/A       99%         5


Dungeon Overview and Level Annotations

Branches:
Dungeon (5/15)
 Temple: D:4-7

Altars:

Annotations:
D:4 Prince Ribbit
D:5 Edmund


Innate Abilities, Weirdness & Mutations

You have sharp claws.
You have razor-sharp teeth.
You have supernaturally acute eyesight. (SInv)
You cover ground quickly. (Speed+)
You are covered in fur. (AC +1)
Your stealthy paws help you sneak and pounce on unaware monsters.
You are incapable of wielding weapons or throwing items.
You cannot wear armour.
You gain extra lives every three experience levels.


Message History

(D) Dungeon
Where to? (Enter - D:4, ? - help)
You open the door.
There is an open door here.
You see here 18 bolts.
There is an open door here.
You see here 2 datura-tipped darts.
There is a stone staircase leading down here.
You climb downwards.
Edmund the Younger comes into view.
He is wielding a +0 vorpal flail and carrying a wand of polymorph (7).
Found a scroll labelled EGHOQO MYUBBEO and a bubbling sapphire potion.
There is a stone staircase leading up here.
Edmund is nearby!
A centaur zombie comes into view.
An orc and Prince Ribbit come into view.
Prince Ribbit gives a loud, deep croak!
The centaur zombie hits you.
Edmund shouts!
A jelly comes into view.
Prince Ribbit blinks!
Prince Ribbit blinks!
There is a stone staircase leading up here.
Edmund says, "I'm quite good with sums, too."
The centaur zombie completely misses you.
The centaur zombie closely misses you. Prince Ribbit barely misses you.
The centaur zombie misses you. Prince Ribbit misses you.
The centaur zombie closely misses you.
You climb upwards.
There is a stone staircase leading down here.
Prince Ribbit blinks!
You closely miss Prince Ribbit. Prince Ribbit hits you!
Ouch! That really hurt!
You miss Prince Ribbit. You bite Prince Ribbit.
Prince Ribbit is lightly wounded.
Prince Ribbit closely misses you.
Prince Ribbit blinks!
There is a stone staircase leading down here.
Prince Ribbit hits you!
Ouch! That really hurt!
You die...

#####.###.###....># ###.####
#.......#.# ##...## #.#
#.###.#.#.# ##..###########.#
#.# #.....# #..............#
#.# ###.### #.##############
#.# #.# #.# #.#####.# #ยง#
#.......# #####>#### #.......#
#....F@..# #.......#
#.###.##.####
#.......###.##.#.#.##.##
#.............###..#...#######
#.......###.##.#.............#
#.......# #.##...#.#...#####.#
#.......# #.#......##.## #.#
####.#### #........#### #.#
#.# #####.#### ###.#


You could see Prince Ribbit.

Vanquished Creatures
  A worker ant (D:4)
  5 adders
  2 adder skeletons (D:4)
  4 worms
  2 dart slugs
  A leopard gecko (D:3)
  5 orcs (D:3)
  2 ball pythons (D:2)
  A giant cockroach (D:4)
  7 goblins
  9 hobgoblins
  2 jackals (D:4)
  4 kobolds
  2 quokkas
  9 bats
  5 frilled lizards
  4 rats
65 creatures vanquished.

Notes
Turn   | Place    | Note
-------+----------+-------------------------------------------
     0 | D:1      | sahdkjhfkaj the Felid Earth Elementalist began the quest
                  | for the Orb.
     0 | D:1      | Reached XP level 1. HP: 7/7 MP: 4/4
   944 | D:1      | Reached skill level 1 in Fighting
   944 | D:1      | Reached XP level 2. HP: 8/12 MP: 0/6
  1115 | D:2      | Reached skill level 1 in Unarmed Combat
  1185 | D:2      | Reached skill level 1 in Evocations
  1325 | D:2      | Reached XP level 3. HP: 15/15 MP: 5/7
  1783 | D:2      | Noticed an ice beast
  2290 | D:2      | Reached XP level 4. HP: 19/19 MP: 6/8
  3037 | D:3      | Slain by an orc
  3038 | D:3      | Reached XP level 3. HP: 0/5 MP: 0/7
  3563 | D:4      | Reached XP level 4. HP: 18/18 MP: 4/8
  4851 | D:5      | Entered Level 5 of the Dungeon
  4851 | D:5      | Noticed Edmund
  4854 | D:5      | Noticed Prince Ribbit
  4874 | D:4      | Mangled by Prince Ribbit

Illustrated notes

Levels and vault maps discovered:
D:1:      minmay_arrival_diagonal_passages, layout_loops_ring
D:2:      kb_forest_paths, layout_basic
D:3:      layout_rooms, minmay_fractal_squares_5
D:4:      layout_loops_corners
D:5:      layout_rooms, serial_shops, shop, zaba_anthole, trog_wizard,
          uniq_edmund, uniq_prince_ribbit1

Skill      XL: |  1  2  3  4 |
---------------+-------------+-----
Stealth        | 3 |  3.0
Dodging        | 3 |  3.0
Earth Magic    | 3 |  3.0
Fighting       | 1 2 |  2.0
Unarmed Combat | 1 2 |  2.0
Evocations     | 1 |  1.0
Transmutations | 2 |  2.0
Spellcasting   | 3 |  3.1

Action                   |  1- 3 |  4- 6 || total
-------------------------+-------+-------++-------
Melee: Unarmed           |    27 |    51 ||    78
       Bite              |     2 |     4 ||     6
 Cast: Sandblast         |    94 |    46 ||   140
Armor: Skin              |     2 |     7 ||     9
Dodge: Dodged            |    49 |    99 ||   148

Table legend: (Time is in decaauts)
 A = Elapsed time spent in this place.
 B = Non-inter-level travel time spent in this place.
 C = Inter-level travel time spent in this place.
 D = Time resting spent in this place.
 E = Time spent auto-exploring this place.
 F = Levels seen in this place.
 G = Mean time per level.
                   A        B        C        D        E       F      G
               +--------+--------+--------+--------+--------+-----+--------+
         Total |   4295 |   4171 |    124 |     13 |   3531 |   5 |  859.0 |
       Dungeon |   4295 |   4171 |    124 |     13 |   3531 |   5 |  859.0 |
               +--------+--------+--------+--------+--------+-----+--------+

Top non-repeatable levels by time:
     D:2: 1190 daAuts
     D:4: 1145 daAuts
     D:1: 1097 daAuts
     D:3: 848 daAuts
     D:5: 13 daAuts
